 Dungeon Crawl Stone Soup version 0.28.0-53-g5a82cb258f (webtiles) character file.

Game seed: 10008123991654648534

53 gobodom the Magician (level 3, -7/21 HPs)
             Began as an Octopode Hedge Wizard on June 21, 2022.
             Mangled by a gnoll
             ... wielding a +0 halberd
              (9 damage)
             ... on level 3 of the Dungeon on June 22, 2022.
             The game lasted 00:06:48 (2454 turns).

gobodom the Magician (Octopode Hedge Wizard)        Turns: 2454, Time: 00:06:49

Health: -7/21      AC:  1    Str: 11    XL:     3   Next: 89%
Magic:  6/8        EV: 13    Int: 16    God:
Gold:   58         SH:  0    Dex: 11    Spells: 8/9 levels left

rFire   . . .      SeeInvis .   i - +2 dagger (elec)
rCold   . . .      Faith    .   (no shield)
rNeg    . . .      Spirit   .   b - +0 hat
rPois   .          Reflect  .   (no amulet)
rElec   .          Harm     .   (no ring)
rCorr   .          Rampage  .   (no ring)
Will    .....                   (no ring)
Stlth   +++.......              (no ring)
HPRegen 0.07/turn               (no ring)
MPRegen 0.11/turn               (no ring)
                                (no ring)
                                (no ring)

@: no status effects
A: almost no armour, amphibious, 8 rings, camouflage 1, gelatinous body 1,
(nimble swimmer 1), tentacles
a: no special abilities


You were on level 3 of the Dungeon.
You visited 1 branch of the dungeon, and saw 4 of its levels.

You collected 58 gold pieces.

Inventory:

Hand Weapons
 i - a +2 dagger of electrocution (weapon)
Armour
 b - a +0 hat (worn)
Scrolls
 a - a scroll of fear
 e - a scroll of vulnerability
 f - a scroll of noise {unknown}
 g - a scroll of magic mapping
 h - 3 scrolls of holy word {unknown}
 k - a scroll of fog {unknown}
 l - a scroll of enchant armour {unknown}
Potions
 c - a potion of attraction
 d - 2 potions of curing
 j - a potion of heal wounds {unknown}


   Skills:
 + Level 2.2 Dodging
 + Level 3.1 Stealth
 + Level 3.8 Spellcasting
 + Level 1.9 Conjurations
 + Level 1.0 Summonings
 + Level 1.0 Translocations


You had 8 spell levels left.
You knew the following spells:

 Your Spells              Type           Power      Damage    Failure   Level
a - Magic Dart            Conj           36%        1d4       8%          1

Your spell library contained the following spells:

 Spells                   Type           Power      Damage    Failure   Level
 Animate Skeleton         Necr           6%         N/A       17%         1
 Pain                     Necr           12%        1d4       17%         1
 Slow                     Hex            12%        N/A       17%         1
 Blink                    Tloc           12%        N/A       17%         2
 Call Imp                 Summ           6%         N/A       17%         2
 Ensorcelled Hibernation  Hex/Ice        6%         N/A       26%         2
 Passwall                 Tmut/Erth      2%         N/A       26%         2
 Conjure Flame            Conj/Fire      6%         6-21      34%         3
 Mephitic Cloud           Conj/Pois/Air  5%         N/A       36%         3
 Swiftness                Air            3%         N/A       45%         3
 Vampiric Draining        Necr           3%         2d6       45%         3


Dungeon Overview and Level Annotations

Branches:
Dungeon (4/15)
 Temple: D:4-7

Altars:
Ashenzari

Shops:
D:3 ?(!(

Annotations:
D:3 3 runed translucent doors, SanguineChosen's ghost, amateur HOCA


Innate Abilities, Weirdness & Mutations

You cannot wear most types of armour.
You are amphibious.
You can wear up to eight rings at the same time.
Your skin changes colour to match your surroundings (Stealth+).
Your rubbery body absorbs attacks. (AC +1, EV +1)
((You are camouflaged when in or above water. (Stealth+)))
You have tentacles for arms and can constrict up to eight enemies at once.


Message History

The gnoll throws a throwing net.
The throwing net hits you.
You become entangled in the net!
You see here a throwing net.
You tear a large gash into the net.
You struggle against the net.
A gnoll comes into view. It is wielding a +0 spear.
The gnoll hits you with a +0 whip.
* * * LOW HITPOINT WARNING * * *
A gnoll comes into view. It is wielding a +0 club.
You shred the net and break free! The gnoll hits you with a +0 whip.
* * * LOW HITPOINT WARNING * * *
The gnoll closely misses you.
You are too injured to fight recklessly!
Casting: Magic Dart (safe; 8% risk of failure)
Confirm with . or Enter, or press ? or * to list all spells.
Aiming: Magic Dart (safe; 8% risk of failure)
Press: ? - help, Shift-Dir - straight line, f - gnoll
Aim: a gnoll, wielding a +0 halberd (100% to hit)
The magic dart hits the gnoll but does no damage.
Casting: Magic Dart (safe; 8% risk of failure)
Confirm with . or Enter, or press ? or * to list all spells.
Aiming: Magic Dart (safe; 8% risk of failure)
Press: ? - help, Shift-Dir - straight line, f/p - gnoll
Aim: a gnoll, wielding a +0 halberd (100% to hit)
The magic dart hits the gnoll.
The gnoll is lightly wounded.
The gnoll shouts!
The gnoll misses you.
A gnoll is nearby!
A gnoll is nearby!
You are too injured to fight recklessly!
Casting: Magic Dart (safe; 8% risk of failure)
Confirm with . or Enter, or press ? or * to list all spells.
Aiming: Magic Dart (safe; 8% risk of failure)
Press: ? - help, Shift-Dir - straight line, f - gnoll
Aim: a gnoll, wielding a +0 whip (moderately wounded, 100% to hit)
The magic dart hits the gnoll but does no damage.
The gnoll is moderately wounded.
The gnoll hits you from afar with a +0 halberd!
You die...

∩.....+.........+.............
...####.........####....######
..######....... #...#.#
†##...###...[.#####.###.#
.#.###.###........≈.≈##.# ..##
##.# #......≈≈.≈≈#.# ..# #.#
#..####≈gg≈≈#.# #.##
##.###..####≈≈≈≈≈#.#
##.###........g.@.≈≈≈...#
##...##.#...####[.######
##..##..∩........#
#..##.#...#####.#
#..##.##...>....#
#.....##.######## ##.......#
#########


You could see 3 gnolls.

Vanquished Creatures
  An adder (D:2)
  2 worms (D:3)
  A dart slug (D:1)
  3 ball pythons
  6 endoplasms
  4 giant cockroaches (D:1)
  2 goblins (D:1)
  3 hobgoblins
  4 quokkas
  A bat (D:1)
  2 frilled lizards (D:1)
  3 kobolds
32 creatures vanquished.

Notes
Turn   | Place    | Note
-------+----------+-------------------------------------------
     0 | D:1      | gobodom the Octopode Hedge Wizard began the quest for the
                  | Orb.
     0 | D:1      | Reached XP level 1. HP: 11/11 MP: 4/4
   336 | D:1      | Reached XP level 2. HP: 17/17 MP: 4/6
  1049 | D:1      | Reached XP level 3. HP: 21/21 MP: 1/8
  1547 | D:2      | Found a broken altar of Ashenzari.
  1565 | D:2      | You fall into a shaft and drop 2 floors!
  1603 | D:3      | Noticed SanguineChosen's ghost (amateur HOCA)
  1604 | D:3      | Found a runed translucent gate.
  1605 | D:3      | Found a runed translucent gate.
  1605 | D:3      | Found a runed translucent gate.
  1981 | D:3      | Found Sudghiphu's Distillery.
  1984 | D:3      | Identified the +1 ring mail "Naxucri" {rN+ Regen+ Int+3}
  2297 | D:3      | Found Juth's Magic Scroll Shoppe.
  2350 | D:3      | Found Ugiuchuwk's Antique Weapon Shoppe.
  2397 | D:3      | Found Teduruz's Antique Weapon Boutique.
  2436 | D:3      | HP: 1/21 [gnoll/+0 whip (2)]
  2454 | D:3      | Mangled by a gnoll

Illustrated notes

Levels and vault maps discovered:
D:1:      minmay_arrival_nine_rooms, layout_loops_ring,
          hangedman_decor_peaks_small
D:2:      layout_loops_corners, basic_altar, chequers_ecumenical_altar_island,
          serial_bayou_pond_e
D:3:      layout_loops_corners, serial_shops, shop, nicolae_shop_waterfront,
          shop, shop, nicolae_shop_waterfront, gammafunk_ghost_split,
          kennysheep_flooded_box
D:4:      corexii_shantytown, layout_rooms, minmay_bisected

Skill      XL: |  1  2 |
---------------+-------+-----
Stealth        | 3 |  3.1
Dodging        | |  2.2
Spellcasting   | |  3.8
Conjurations   | |  1.9
Summonings     | |  1.0
Translocations | |  1.0

Action                   || total
-------------------------++-------
Melee: Dagger            ||    22
       Tentacles         ||    10
       Constrict         ||     9
       Punch             ||     1
 Cast: Magic Dart        ||    93
  Use: Scroll            ||     5
Armor: Skin              ||     3
Dodge: Dodged            ||     7
